 Dungeon Crawl Stone Soup version 0.28-a0-664-gc179e30c89 (webtiles) character file.

Game seed: 15571035726646510022

1333 jasper the Carver (level 8, -1/58 HPs)
             Began as a Demonspawn Cinder Acolyte on Oct 16, 2021.
             Was a High Priest of Ignis.
             Slain by a gnoll (3 damage)
             ... on level 4 of the Dungeon.
             The game lasted 00:10:18 (5328 turns).

jasper the Carver (Demonspawn Cinder Acolyte)       Turns: 5328, Time: 00:10:19

Health: -1/58      AC:  6    Str: 14    XL:     8   Next: 34%
Magic:  7/9        EV:  9    Int: 19    God:    Ignis [*****.]
Gold:   255        SH:  4    Dex:  8    Spells: 5/9 levels left

rFire   + . .      SeeInvis .   a - -1 falchion (flame)
rCold   . . .      Faith    .   (no shield)
rNeg    . . .      Spirit   .   d - +0 scale mail
rPois   .          Reflect  .   (no helmet)
rElec   .          Harm     .   (cloak unavailable)
rCorr   .          Rampage  .   (no gloves)
Will    .....                   (no boots)
Stlth   ..........              (no amulet)
HPRegen 0.19/turn               n - ring of wizardry
MPRegen 0.11/turn               (no ring)

@: about to teleport
A: large bone plates 1, foul stench 1, weakness stinger 3
a: Renounce Religion, Sea of Fire, Foxfire Swarm, Rising Flame


You were on level 4 of the Dungeon.
You worshipped Ignis.
Ignis was extremely pleased with you.
You visited 1 branch of the dungeon, and saw 6 of its levels.

You collected 255 gold pieces.

Inventory:

Hand Weapons
 a - a -1 falchion of flaming (weapon)
 i - a +0 spectral scimitar
 x - the +3 trident of the Bespelling Queen {drain, rPois}
   (You took it off an orc on level 5 of the Dungeon)

   A truly terrible weapon, it drains the life of any living foe it strikes.
   rPois:     It protects you from poison.
Missiles
 c - 33 stones (quivered)
Armour
 b - a +0 robe
 d - a +0 scale mail (worn)
 k - a scarf of resistance
Jewellery
 n - a ring of wizardry (left hand)
 r - an amulet of guardian spirit
 u - an amulet of magic regeneration
 y - a ring of willpower
Wands
 s - a wand of charming (8)
Scrolls
 f - 3 scrolls of teleportation
 g - a scroll of fog {unknown}
 l - a scroll of enchant armour {unknown}
 m - 2 scrolls of identify {unknown}
 o - a scroll of holy word {unknown}
 p - a scroll of vulnerability {unknown}
 q - 4 scrolls of immolation {unknown}
 t - 2 scrolls of noise {unknown}


   Skills:
 - Level 3.0 Fighting
 + Level 8.4 Long Blades
 - Level 3.5 Armour
 - Level 1.0 Spellcasting
 - Level 4.1 Fire Magic


You had 5 spell levels left.
You knew the following spells:

 Your Spells              Type           Power      Damage    Failure   Level
a - Scorch                Fire           32%        2d6       9%          2
b - Animate Skeleton      Necr           0%         N/A       28%         1
c - Apportation           Tloc           0%         N/A       28%         1

Your spell library contained the following spells:

 Spells                   Type           Power      Damage    Failure   Level
 Summon Small Mammal      Summ           0%         N/A       28%         1
 Slow                     Hex            0%         N/A       41%         2
 Confusing Touch          Hex            0%         N/A       63%         3
 Yara's Violent Unravell  Hex/Tmut       0%         3d3       100%        5


Dungeon Overview and Level Annotations

Branches:
Dungeon (6/15)             Temple (0/1) D:5

Altars:

Annotations:
D:5 Grinder


Innate Abilities, Weirdness & Mutations

You are partially covered in large bone plates. (SH +4)
You may rarely emit foul miasma when damaged in melee.
You have a sharp stinger which inflicts weakening toxins.


Message History

You barely miss the orc.
The orc is almost dead.
The gnoll hits you from afar with a +0 spear.
* * * LOW HITPOINT WARNING * * *
The orc hits you with a +0 club.
* * * LOW HITPOINT WARNING * * *
You take 6 damage, and have 10/87 hp.
You hit the orc but do no damage.
The orc is almost dead.
The gnoll hits you from afar with a +0 spear.
* * * LOW HITPOINT WARNING * * *
The orc hits you but does no damage.
The gnoll hits you from afar with a +0 spear.
* * * LOW HITPOINT WARNING * * *
You take 6 damage, and have 4/87 hp.
It was a potion of haste.
You feel yourself speed up. The gnoll hits you but does no damage.
The orc hits you with a +0 club.
* * * LOW HITPOINT WARNING * * *
You take 1 damage, and have 3/87 hp.
It was a potion of cancellation.
Your magical effects are unravelling.
You feel magically purged.
You feel less wooden.
Your +0 scale mail unmelds from your body.
You feel yourself slow down. The gnoll hits you but does no damage.
The orc closely misses you.
You now have 2/58 hp.
Casting: Scorch (safe; 9% risk of failure)
Confirm with . or Enter, or press ? or * to list all spells.
Okay, then.
As you read the scroll labelled BITHRAVVOE, it crumbles to dust.
It is a scroll of brand weapon.
Your +0 scimitar acquires a faint afterimage.
i - a +0 spectral scimitar The gnoll barely misses you.
The orc hits you but does no damage. x2
The gnoll hits you but does no damage.
As you read the scroll labelled FISUNUNT ZELY, it crumbles to dust.
You feel strangely unstable.
It was a scroll of teleportation.
The gnoll hits you from afar with a +0 spear.
You die...

**#........##*******,*,******,,,,
##.........,,,,,,,,,,,*≈≈≈≈',*,,
##.........#*******,,,,*≈,,≈*,,,,
...........# *,,*,*≈>_≈*,,,*
##.........# *..#,*≈≈≈≈*,,,*
.........gg########..#,##****,,,*
*###......g.g).gg##..,..,,,,,,,,*
#####.#######o##..,.,,,,,,,,,,
#.# #@##.#.#*****,,,,, #.#
#o##.#.#####*,,,,, #.#
####.##.......,,,,,** #.#
#.......#....,,,,,**, #.#
#.#####.#..#*****,**, #.####†#
#.#..####*,,,*, #...)o.#
#........,,,,,, ######)#
###....####,,,,*,
####.###.#.#.o#***,*,**,


You could see a gnoll shaman, a gnoll (fast) and 2 orcs.

Vanquished Creatures
  2 water moccasins
  An ice beast (D:6)
  An orc warrior (D:6)
  A sky beast (D:6)
  2 necrophages (D:6)
  A centaur (D:6)
  A scorpion (D:6)
  3 wights (D:4)
  2 hounds
  2 orc priests
  A centaur skeleton (D:6)
  An iguana (D:4)
  3 orc wizards
  8 gnolls
  3 adders
  2 ufetubi
  A worm (D:5)
  A dart slug (D:3)
  11 orcs
  5 bats
  6 endoplasms
  A giant cockroach (D:2)
  3 goblins
  2 hobgoblins
  3 jackals (D:2)
  5 quokkas
  2 ball pythons (D:4)
  4 frilled lizards (D:1)
  3 kobolds
  4 rats (D:2)
85 creatures vanquished.

Vanquished Creatures (others)
  21 foxfires (D:2)
21 creatures vanquished.

Grand Total: 106 creatures vanquished

Notes
Turn   | Place    | Note
-------+----------+-------------------------------------------
     0 | D:1      | jasper the Demonspawn Cinder Acolyte began the quest for
                  | the Orb.
     0 | D:1      | Reached XP level 1. HP: 18/18 MP: 2/2
   179 | D:1      | Reached skill level 3 in Long Blades
   380 | D:1      | Gained mutation: You have a small tail. [demonic ancestry]
   380 | D:1      | Reached XP level 2. HP: 20/24 MP: 3/3
   737 | D:1      | Found a faded altar of an unknown god.
  1239 | D:2      | Gained mutation: You may rarely emit foul miasma when
                  | damaged in melee. [demonic ancestry]
  1239 | D:2      | Reached XP level 3. HP: 29/29 MP: 4/4
  1254 | D:2      | Learned a level 2 spell: Scorch
  1256 | D:2      | Learned a level 1 spell: Animate Skeleton
  1258 | D:2      | Learned a level 1 spell: Apportation
  1334 | D:2      | Reached skill level 4 in Long Blades
  1613 | D:2      | Gained mutation: You have a tail ending in a sharp stinger.
                  | [demonic ancestry]
  1613 | D:2      | Reached XP level 4. HP: 35/35 MP: 2/5
  1874 | D:3      | Noticed a water moccasin
  1882 | D:3      | Killed a water moccasin
  1883 | D:3      | Reached skill level 5 in Long Blades
  1883 | D:3      | Reached XP level 5. HP: 29/41 MP: 1/6
  2258 | D:3      | Reached skill level 1 in Armour
  2732 | D:3      | You fall into a shaft and drop 3 floors!
  2749 | D:6      | Noticed a necrophage
  2778 | D:6      | Killed a necrophage
  2779 | D:6      | Gained mutation: You are partially covered in large bone
                  | plates. (SH +4) [demonic ancestry]
  2779 | D:6      | Reached XP level 6. HP: 16/43 MP: 1/7
  2944 | D:6      | Noticed an orc warrior
  2956 | D:6      | Killed an orc warrior
  3330 | D:6      | Reached XP level 7. HP: 16/52 MP: 5/8
  3588 | D:6      | Reached skill level 6 in Long Blades
  3677 | D:5      | Entered Level 5 of the Dungeon
  3677 | D:5      | Found a staircase to the Ecumenical Temple.
  3971 | D:5      | Noticed Grinder
  3972 | D:5      | Paralysed by Grinder for 3 turns
  3979 | D:5      | Paralysed by Grinder for 7 turns
  4062 | D:6      | Reached skill level 7 in Long Blades
  4194 | D:5      | Identified the +3 trident of the Bespelling Queen {drain,
                  | rPois}
  4339 | D:6      | Gained mutation: You have a sharp stinger which inflicts
                  | weakening toxins. [demonic ancestry]
  4339 | D:6      | Reached XP level 8. HP: 55/58 MP: 4/9
  4882 | D:4      | Reached skill level 8 in Long Blades
  5324 | D:4      | HP: 4/87 [gnoll (4)]
  5328 | D:4      | Slain by a gnoll

Illustrated notes

Levels and vault maps discovered:
D:1:      dpeg_arrival_water_temple_mockup, layout_basic,
          dilly_ecumenical_altar_fadedgnrine
D:2:      layout_rooms, kennysheep_doodads, st_stairs_9
D:3:      layout_basic
D:4:      layout_loops_ring, general_overflow_altar, minmay_goblin_kobold_house,
          uniq_sigmund, uniq_natasha
D:5:      layout_rooms, elyvilon_altar_5, lemuel_coloured_pillars_altar,
          minmay_overflow_temple_star_quad, minmay_temple_entry_from_below_b,
          minmay_fractal_squares_diagonal_5, uniq_grinder, uniq_prince_ribbit1
D:6:      layout_loops_ring, minmay_liquid_box, uniq_eustachio

Skill      XL: |  1  2  3  4  5  6  7  8 |
---------------+-------------------------+-----
Long Blades    | 3 4 5 7 8 |  8.4
Armour         | 2 3 |  3.5
Fire Magic     | 3 4 |  4.1
Fighting       | |  3.0
Spellcasting   | |  1.0

Action                   |  1- 3 |  4- 6 |  7- 9 || total
-------------------------+-------+-------+-------++-------
Melee: Falchion          |    83 |    84 |   124 ||   291
       Tailslap          |     6 |     8 |     9 ||    23
Throw: Stone             |    48 |     1 |     2 ||    51
 Cast: Scorch            |     3 |    22 |    36 ||    61
Invok: Foxfire Swarm     |     1 |       |       ||     1
  Use: Potion            |       |     3 |     5 ||     8
       Scroll            |       |       |     3 ||     3
Armor: Scale mail        |    35 |    50 |    48 ||   133
       Robe              |     9 |       |       ||     9
       Skin              |       |       |    13 ||    13
Dodge: Dodged            |    44 |    51 |    53 ||   148
Block: Other             |       |    14 |    26 ||    40

Table legend: (Time is in decaauts)
 A = Elapsed time spent in this place.
 B = Non-inter-level travel time spent in this place.
 C = Inter-level travel time spent in this place.
 D = Time resting spent in this place.
 E = Time spent auto-exploring this place.
 F = Levels seen in this place.
 G = Mean time per level.
                   A        B        C        D        E       F      G
               +--------+--------+--------+--------+--------+-----+--------+
         Total |   5350 |   5285 |     65 |   1684 |   2583 |   6 |  891.7 |
       Dungeon |   5350 |   5285 |     65 |   1684 |   2583 |   6 |  891.7 |
               +--------+--------+--------+--------+--------+-----+--------+

Top non-repeatable levels by time:
     D:6: 1594 daAuts
     D:1: 1114 daAuts
     D:3: 879 daAuts
     D:2: 757 daAuts
     D:4: 536 daAuts
     D:5: 469 daAuts
